 Dungeon Crawl Stone Soup version 0.21-a0-358-g8928369 (webtiles) character file.

1586 Dfrag the Conjurer (level 8, -1/54 HPs)
             Began as a Demonspawn Fire Elementalist on Oct 12, 2017.
             Slain by a wyvern skeleton (5 damage)
             ... on level 8 of the Dungeon.
             The game lasted 00:10:29 (5000 turns).

Dfrag the Conjurer (Demonspawn Fire Elementalist)   Turns: 5000, Time: 00:10:29

Health: -1/54      AC:  6    Str:  8    XL:     8   Next: 61%
Magic:  0/17       EV: 12    Int: 24    God:
Gold:   325        SH:  0    Dex: 14    Spells: 6/19 levels left

rFire    + . .     SeeInvis .   B - +1 whip (drain)
rCold    + . .     Gourm    .   (no shield)
rNeg     . . .     Faith    .   n - +0 robe (curse)
rPois    +         Spirit   +   k - +1 hat
rElec    +         Reflect  .   (no cloak)
rCorr    +         Harm     .   (no gloves)
MR       .....                  r - +0 pair of boots
Stlth    +.........             (no amulet)
HPRegen  0.18/turn              p - ring of wizardry
MPRegen  0.15/turn              (no ring)

@: confused, brilliant, resistant
A: talons 2, rugged brown scales 2, magic shield
a: no special abilities


You were on level 8 of the Dungeon.
You were hungry.

You visited 1 branch of the dungeon, and saw 6 of its levels.

You collected 325 gold pieces.

Inventory:

Hand Weapons
 i - a +3 dagger
 B - a +1 whip of draining (weapon)
Armour
 a - a +0 robe
 k - a +1 hat (worn)
 n - a cursed +0 robe (worn)
 r - a +0 pair of boots (worn)
Jewellery
 p - a ring of wizardry (left hand)
Wands
 x - a wand of confusion (20/48)
Scrolls
 d - 3 scrolls of remove curse {unknown}
 e - 6 scrolls of identify {unknown}
 f - 2 scrolls of enchant weapon {unknown}
 j - 2 scrolls of magic mapping {unknown}
 o - a scroll of blinking {unknown}
 q - a scroll of vulnerability {unknown}
 s - 3 scrolls of immolation {unknown}
 y - a scroll of recharging {unknown}
 A - a scroll of teleportation {unknown}
Potions
 m - a potion of cancellation {unknown}
 t - a potion of resistance
 v - a potion of brilliance
 z - a potion of flight {unknown}
Books
 b - a book of Flames

   Spells                             Type                      Level
   a - Flame Tongue                   Conjuration/Fire             1
   b - Throw Flame                    Conjuration/Fire             2
   c - Conjure Flame                  Conjuration/Fire             3
   d - Inner Flame                    Hexes/Fire                   3
   e - Sticky Flame                   Conjuration/Fire             4
   f - Fireball                       Conjuration/Fire             5
 u - a book of Misfortune

   Spells                             Type                      Level
   a - Confusing Touch                Hexes                        1
   b - Confuse                        Hexes                        3
   c - Gell's Gravitas                Translocation                3
   d - Petrify                        Transmutation/Earth          4
   e - Metabolic Englaciation         Hexes/Ice                    5
   f - Yara's Violent Unravelling     Hexes/Transmutation          5
Comestibles
 c - 5 bread rations
 h - 6 meat rations
 C - 4 chunks of flesh


   Skills:
 - Level 1.7 Dodging
 - Level 1.7 Stealth
 + Level 6.0 Spellcasting
 + Level 6.3 Conjurations
 + Level 6.3 Fire Magic


You had 6 spell levels left.
You knew the following spells:

 Your Spells              Type           Power        Failure   Level  Hunger
a - Flame Tongue          Conj/Fire      #####        1%          1    None
b - Conjure Flame         Conj/Fire      ######..     1%          3    #......
c - Sticky Flame          Conj/Fire      ######..     1%          4    ###....
d - Fireball              Conj/Fire      ######....   1%          5    #####..


Dungeon Overview and Level Annotations

Branches:
Dungeon (5/15)
 Temple: D:4-7

Altars:
Elyvilon
Fedhas
Hepliaklqana
Ru
Yredelemnul

Shops:
D:5 (


Innate Abilities, Weirdness & Mutations

You have razor-sharp toenails.
You are mostly covered in rugged brown scales. (AC +2, +5% HP)
When hurt, damage is shared between your health and your magic reserves.


Message History

Aim: a wyvern skeleton The sticky flame hits the wyvern skeleton.
The wyvern skeleton is moderately damaged.
The wyvern skeleton is covered in liquid flames!
You are feeling hungry.
The wyvern skeleton burns!
The wyvern skeleton bites you!
* * * LOW HITPOINT WARNING * * *
The bullfrog completely misses you. The wyvern skeleton bites you.
Casting: Sticky Flame
Confirm with . or Enter, or press ? or * to list all spells.
You don't have enough magic to cast that spell.
The wyvern skeleton burns!
The bullfrog barely misses you.
The wyvern skeleton bites you but does no damage.
The bullfrog hits you.
* * * LOW HITPOINT WARNING * * *
Unknown command.
It was a potion of ambrosia.
You are confused.
You feel invigorated.
The wyvern skeleton burns!
The wyvern skeleton bites you!
You die...

##..##....#...).#....
#.........#....)##'####
+.........#.....).....#
#.........#...........#
#...##....#.......oS..+
#...##....#...........#
#....)...##'########'##
#...##ZF.##.....###...##
#...##.@.##...).........
#..<##........[.........
#...##..................
#...#.................>.
###.##...#############..
#.##...# .. #.##...# ..
#.##...# #K.....+


You could see a bullfrog and a wyvern skeleton (burning).

Vanquished Creatures
  Grinder (D:3)
  A porcupine (D:8)
  An ice beast (D:5)
  2 ogres
  2 sky beasts
  A centaur (D:5)
  A big kobold (D:8)
  A water moccasin skeleton (D:5)
  A bullfrog skeleton (D:5)
  3 orc priests
  A jelly (D:5)
  3 orc wizards
  2 iguanas (D:5)
  5 worker ants
  7 gnolls
  6 adders
  2 oozes
  2 adder skeletons
  5 worms
  A dart slug (D:2)
  A leopard gecko (D:1)
  13 orcs
  6 giant cockroaches
  5 goblins
  4 hobgoblins
  12 jackals
  5 quokkas
  A ball python (D:8)
  11 bats
  6 frilled lizards
  A giant cockroach zombie (D:5)
  13 kobolds
  3 rats
129 creatures vanquished.

Notes
Turn   | Place    | Note
-------+----------+-------------------------------------------
     0 | D:1      | Dfrag the Demonspawn Fire Elementalist began the quest for the Orb.
     0 | D:1      | Reached XP level 1. HP: 13/13 MP: 3/3
   104 | D:1      | Gained mutation: You are partially covered in rugged brown scales. (AC +1, +3% HP) [demonic ancestry]
   104 | D:1      | Reached XP level 2. HP: 5/19 MP: 0/5
   988 | D:2      | Gained mutation: You have sharp toenails. [demonic ancestry]
   988 | D:2      | Reached XP level 3. HP: 24/24 MP: 3/6
  1626 | D:2      | Found a white marble altar of Elyvilon.
  1626 | D:2      | Found a hazy altar of Hepliaklqana.
  1689 | D:3      | Reached XP level 4. HP: 20/30 MP: 2/8
  1827 | D:3      | Noticed Grinder
  1837 | D:3      | Learned a level 3 spell: Conjure Flame
  1842 | D:3      | Learned a level 4 spell: Sticky Flame
  2000 | D:3      | Paralysed by Grinder for 3 turns
  2003 | D:3      | Killed Grinder
  2003 | D:3      | Gained mutation: When hurt, damage is shared between your health and your magic reserves. [demonic ancestry]
  2003 | D:3      | Reached XP level 5. HP: 18/36 MP: 1/10
  2003 | D:3      | Gained mutation: You have razor-sharp toenails. [demonic ancestry]
  2003 | D:3      | Reached XP level 6. HP: 22/42 MP: 1/11
  2349 | D:3      | Found a basalt altar of Yredelemnul.
  2978 | D:4      | Noticed a sky beast
  2986 | D:4      | Killed a sky beast
  2986 | D:4      | Gained mutation: You are mostly covered in rugged brown scales. (AC +2, +5% HP) [demonic ancestry]
  2986 | D:4      | Reached XP level 7. HP: 42/48 MP: 3/13
  3159 | D:4      | Learned a level 5 spell: Fireball
  3228 | D:4      | Found a blossoming altar of Fedhas.
  3340 | D:4      | Reached skill level 5 in Fire Magic
  3373 | D:4      | Found a sacrificial altar of Ru.
  3558 | D:5      | Entered Level 5 of the Dungeon
  4083 | D:5      | Reached skill level 5 in Conjurations
  4166 | D:5      | Reached skill level 5 in Spellcasting
  4275 | D:5      | Reached XP level 8. HP: 54/54 MP: 8/15
  4359 | D:5      | Found Zail's Weapon Boutique.
  4861 | D:5      | You fall through a shaft for 3 floors!
  4998 | D:8      | HP: 1/54 [wyvern skeleton (5)]
  5000 | D:8      | Slain by a wyvern skeleton

Vault maps used:
D:1:      dpeg_arrival_tiny_e
D:2:      gammafunk_temple_overflow_elements, minmay_tall_x
D:3:      first_bread, yredelemnul_altar_generic, uniq_grinder
D:4:      nicolae_overflow_hidden_temple, nicolae_ru_great_annihilating_truth
D:5:      kennysheep_little_box, serial_shops, shop
D:8:      nicolae_qazlal_style_of_elements, grunt_lair_entry_orc_guard_hut,
          grunt_livestock, moated_statue, grunt_gozag_breadcrumbs

Skill      XL: |  1  2  3  4  5  6  7  8 |
---------------+-------------------------+-----
Fire Magic     | 3 4 5 6 |  6.3
Conjurations   | 2 3 4 5 6 |  6.3
Spellcasting   | 3 4 5 6 |  6.0
Dodging        | |  1.7
Stealth        | |  1.7

Action                   |  1- 3 |  4- 6 |  7- 9 || total
-------------------------+-------+-------+-------++-------
Melee: Unarmed           |    23 |       |       ||    23
       Dagger            |    34 |    59 |   217 ||   310
       Kick              |     3 |     5 |       ||     8
       Whip              |       |       |     9 ||     9
 Cast: Flame Tongue      |    65 |    60 |    74 ||   199
       Sticky Flame      |       |     6 |    22 ||    28
  Use: Potion            |       |       |     7 ||     7
 Stab: Sleeping          |     1 |       |     2 ||     3
  Eat: Chunk             |     3 |     5 |    10 ||    18
Armor: Robe              |    30 |    25 |    91 ||   146
Dodge: Dodged            |    70 |    59 |   181 ||   310

Table legend:
 A = Spawn XP
 B = Non-spawn XP
 C = Spawn XP percentage of total XP
 D = Spawn monster count
 E = Non-spawn monster count
 F = Spawn count percentage of total count
 G = Total turns spent on level
                    A         B        C        D         E        F      G
               +---------+---------+-------+---------+---------+-------+---------
         Total |       0 |    2266 |   0.0 |       0 |     129 |   0.0 |  5000
               +---------+---------+-------+---------+---------+-------+---------
           D:1 |       0 |      26 |   0.0 |       0 |      13 |   0.0 |   720
           D:2 |       0 |      63 |   0.0 |       0 |      26 |   0.0 |   960
           D:3 |       0 |     498 |   0.0 |       0 |      33 |   0.0 |  1165
           D:4 |       0 |     421 |   0.0 |       0 |      15 |   0.0 |  1013
           D:5 |       0 |     904 |   0.0 |       0 |      24 |   0.0 |  1003
           D:8 |       0 |     354 |   0.0 |       0 |      18 |   0.0 |   139
               +---------+---------+-------+---------+---------+-------+---------
